 Dungeon Crawl Stone Soup version 0.30-a0-860-g512cf1e979 (webtiles) character file.

Game seed: 17043269631479977689

11 zenocrate the Cudgeller (level 2, 0/28 (29) HPs)
             Began as an Ogre Gladiator on Mar 7, 2023.
             Slain by a frilled lizard (2 damage)
             ... on level 1 of the Dungeon.
             The game lasted 00:00:22 (349 turns).

zenocrate the Cudgeller (Ogre Gladiator)             Turns: 349, Time: 00:00:22

HP:   0/28 (29)     AC:  3    Str: 17    XL:     2   Next: 29%
MP:   2/2           EV: 10    Int:  9    God:
Gold: 4             SH:  0    Dex: 10    Spells: 1/1 levels left

rFire   . . .      SeeInvis .    a - +0 flail
rCold   . . .      Faith    .    (no shield)
rNeg    . . .      Spirit   .    b - +0 robe
rPois   .          Reflect  .    c - +0 hat
rElec   .          Rampage  .    (no cloak)
rCorr   .                        (gloves unavailable)
Will    .....                    (boots unavailable)
Stlth   +                        (no amulet)
HPRegen 0.24/turn                (no ring)
MPRegen 0.08/turn                (no ring)

@: lightly drained
A: large, unfitting armour, tough skin 1
a: no special abilities


You were on level 1 of the Dungeon.
You visited 1 branch of the dungeon, and saw 1 of its levels.

You collected 4 gold pieces.

Inventory:

Hand Weapons
 a - a +0 flail (weapon)
Missiles
 d - 3 throwing nets (quivered)
 e - a large rock
Armour
 b - a +0 robe (worn)
 c - a +0 hat (worn)
Scrolls
 f - a scroll of immolation {unknown}


   Skills:
 - Level 2.6 Fighting
 + Level 3.3 Maces & Flails
 - Level 2.0 Throwing
 - Level 2.6 Dodging


You had one spell level left.
You didn't know any spells.
Your spell library was empty.

Dungeon Overview and Level Annotations

Branches:
Dungeon (1/15)

Altars:


Innate Abilities, Weirdness & Mutations

You are too large for most types of armour.
You have tough skin. (AC +1)


Message History

The bat barely misses you. The frilled lizard barely misses you.
The frilled lizard bites you.
You are too injured to fight recklessly!
The bat barely misses you. The frilled lizard barely misses you.
The frilled lizard bites you.
You see here a +0 club.
The frilled lizard hisses.
The frilled lizard bites you.
* * * LOW HITPOINT WARNING * * *
The bat hits you but does no damage.
You are too injured to fight recklessly!
You closely miss the bat. The bat barely misses you.
The frilled lizard barely misses you.
The frilled lizard completely misses you.
You are too injured to fight recklessly!
The frilled lizard attacks as you move away!
The frilled lizard bites you.
* * * LOW HITPOINT WARNING * * *
The bat closely misses you.
You are too injured to fight recklessly!
The bat hits you.
* * * LOW HITPOINT WARNING * * *
You are too injured to fight recklessly!
You hit the bat.
You kill the bat!
The frilled lizard bites you but does no damage.
The frilled lizard bites you.
* * * LOW HITPOINT WARNING * * *
You are too injured to fight recklessly!
There are monsters nearby!
You are too injured to fight recklessly!
You barely miss the frilled lizard. The frilled lizard barely misses you.
The frilled lizard closely misses you. The frilled lizard bites you.
* * * LOW HITPOINT WARNING * * *
The frilled lizard closely misses you.
You are too injured to fight recklessly!
You hit the frilled lizard but do no damage.
The frilled lizard bites you but does no damage.
The frilled lizard bites you.
You die...

..
#.###..#
#.##...#
..##..##
####.?#
#..# #.)#
###..####
#..ll...##
#...@....#
#........#
#........#
#........#
#........#
#........#
####.###.#
#.# .#


You could see 2 frilled lizards.

Vanquished Creatures
  A ball python (D:1)
  2 goblins (D:1)
  A hobgoblin (D:1)
  4 kobolds (D:1)
  A bat (D:1)
  3 frilled lizards (D:1)
12 creatures vanquished.

Notes
Turn   | Place    | Note
-------+----------+-------------------------------------------
     0 | D:1      | zenocrate the Ogre Gladiator began the quest for the Orb.
     0 | D:1      | Reached XP level 1. HP: 22/22 MP: 1/1
   173 | D:1      | Reached skill level 3 in Maces & Flails
   196 | D:1      | Reached XP level 2. HP: 19/29 MP: 2/2
   348 | D:1      | HP: 1/28 [frilled lizard (2)]
   349 | D:1      | Slain by a frilled lizard

Illustrated notes

Levels and vault maps discovered:
D:1:      lightli_iron_boxes, layout_loops_ring, minmay_pentomino_x2

Skill      XL: |  1 |
---------------+----+-----
Maces & Flails | 3 |  3.3
Fighting       | |  2.6
Throwing       | |  2.0
Dodging        | |  2.6

Action                     || total
---------------------------++-------
  Melee: Flail             ||    44
 Armour: Robe              ||    20
  Dodge: Dodged            ||    47

Table legend: (Time is in decaauts)
 A = Elapsed time spent in this place.
 B = Non-inter-level travel time spent in this place.
 C = Inter-level travel time spent in this place.
 D = Time resting spent in this place.
 E = Time spent auto-exploring this place.
 F = Levels seen in this place.
 G = Mean time per level.
                   A        B        C        D        E       F      G
               +--------+--------+--------+--------+--------+-----+--------+
         Total |    359 |    359 |      0 |      0 |    263 |   1 |  359.0 |
       Dungeon |    359 |    359 |      0 |      0 |    263 |   1 |  359.0 |
               +--------+--------+--------+--------+--------+-----+--------+

Top non-repeatable levels by time:
     D:1: 359 daAuts
